 Dungeon Crawl Stone Soup version 0.29.1-12-g30fa7ad0bf (webtiles) character file.

Game seed: 6145129450234762175

29 DildoBatman the Conjurer (level 3, 0/26 HPs)
             Began as a Formicid Conjurer on Dec 28, 2022.
             Succumbed to an adder's poison
             ... on level 1 of the Dungeon.
             The game lasted 00:02:18 (1061 turns).

DildoBatman the Conjurer (Formicid Conjurer)        Turns: 1061, Time: 00:02:19

Health: 0/26       AC:  2    Str: 11    XL:     3   Next: 32%
Magic:  0/6        EV: 12    Int: 19    God:
Gold:   116        SH:  0    Dex: 12    Spells: 4/7 levels left

rFire   . . .      SeeInvis +   a - +2 dagger (venom)
rCold   . . .      Faith    .   (no shield)
rNeg    . . .      Spirit   .   d - +0 robe
rPois   .          Reflect  .   (helmet unavailable)
rElec   .          Harm     .   (no cloak)
rCorr   .          Rampage  .   (no gloves)
Will    .....                   (no boots)
Stlth   ++........              (no amulet)
HPRegen 0.08/turn               (no ring)
MPRegen 0.10/turn               (no ring)

@: lethally poisoned (0 -> -4)
A: permanent stasis, dig shafts and tunnels, antennae 3, four strong arms
a: Dig, Shaft Self


You were on level 1 of the Dungeon.
You visited 1 branch of the dungeon, and saw 2 of its levels.

You collected 116 gold pieces.

Inventory:

Hand Weapons
 a - a +2 dagger of venom (weapon)
 b - a +0 sling
Missiles
 j - 10 stones
 n - 6 poisoned darts
Armour
 d - a +0 robe (worn)
Scrolls
 c - 2 scrolls of teleportation {unknown}
 f - 2 scrolls of vulnerability {unknown}
 m - a scroll of enchant weapon {unknown}
 o - 2 scrolls of identify {unknown}
Potions
 e - 2 potions of might {unknown}
 g - a potion of invisibility {unknown}
 h - 3 potions of curing {unknown}
 i - 2 potions of magic
 k - a potion of cancellation {unknown}
 l - 2 potions of flight {unknown}


   Skills:
 * Level 1.1 Fighting
 * Level 1.1 Armour
 - Level 2.0 Dodging
 - Level 2.4 Stealth
 * Level 2.6 Spellcasting
 * Level 3.8 Conjurations


You had 4 spell levels left.
You knew the following spells:

 Your Spells              Type           Power      Damage    Failure   Level
a - Searing Ray           Conj           34%        2d5       4%          2
c - Magic Dart            Conj           68%        1d6       3%          1

Your spell library contained the following spells:

 Spells                   Type           Power      Damage    Failure   Level
 Dazzling Flash           Conj/Hex       18%        N/A       22%         3
 Fulminant Prism          Conj/Hex       4%         3d6       58%         4
 Iskenderun's Mystic Bla  Conj/Tloc      9%         2d4       58%         4


Dungeon Overview and Level Annotations

Branches:
Dungeon (2/15)

Altars:

Annotations:
D:2 Robin


Innate Abilities, Weirdness & Mutations

You cannot be hasted, slowed, berserked, paralysed or teleported.
You can dig through walls and to a lower floor.
You have a pair of large antennae on your head. (SInv)
Your four strong arms can wield two-handed weapons with a shield.


Message History

Confirm with . or Enter, or press ? or * to list all spells.
Aiming: Magic Dart (safe; 3% risk of failure)
Press: ? - help, Shift-Dir - straight line, f/p - hobgoblin
Aim: a hobgoblin, wielding a +0 quarterstaff, wearing the ring "Qotiw" {rC+ rCorr EV+4} and quivering stones (severely wounded, 100% to hit)
The magic dart hits the hobgoblin.
The hobgoblin is almost dead.
The hobgoblin throws a stone.
The stone hits you.
Casting: Magic Dart (safe; 3% risk of failure)
Confirm with . or Enter, or press ? or * to list all spells.
Aiming: Magic Dart (safe; 3% risk of failure)
Press: ? - help, Shift-Dir - straight line, f/p - hobgoblin
Aim: a hobgoblin, wielding a +0 quarterstaff, wearing the ring "Qotiw" {rC+ rCorr EV+4} and quivering stones (almost dead, 100% to hit)
The magic dart hits the hobgoblin.
You kill the hobgoblin!
A kobold comes into view. It is wielding a +0 dagger.
The adder bites you.
You climb upwards.
There is a stone staircase leading down here.
Casting: Magic Dart (safe; 3% risk of failure)
Confirm with . or Enter, or press ? or * to list all spells.
Aiming: Searing Ray (safe; 4% risk of failure)
Press: ? - help, Shift-Dir - straight line, f - adder
Aim: an adder (63% to hit)
The searing ray hits the adder.
The adder is heavily wounded. (Press . to maintain the ray.)
The adder bites you. The adder misses you.
The searing ray misses the adder.
The adder bites you.
You are lethally poisoned!
The adder poisons you!
Your +2 dagger of venom begins to drip with poison!
a - a +2 dagger of venom (weapon)
You feel sick. The adder barely misses you.
You hit the adder.
You kill the adder!
You die...

.......#.#.#.#######.##.........#
#...#....#..................÷...#
.#._...#####..........#....)>)..#
.#.##[...#......#####.#.........#
.#.###.#.#.#..#.# #...8.....8.#
..............#.# #.#.........#
...#####...#....# #.####.....##
############....#####.# #...###
#.....##..#.@†....####...####
#.....##..##.#..#............
#.........##................. #
#.....###.####..#............ ##
#.....# #.#.......####...#### .#
####### #.......#.# #...# ##
############.##.##.# #...# #
#.......# #.....##.# #...#
####.#####.# #..#####.# #...#


There were no monsters in sight!

Vanquished Creatures
  An adder (D:1)
  A dart slug (D:1)
  4 ball pythons (D:1)
  3 bats (D:1)
  2 endoplasms (D:1)
  5 hobgoblins
  A quokka (D:2)
  4 goblins
  A kobold (D:1)
  2 rats (D:1)
24 creatures vanquished.

Notes
Turn   | Place    | Note
-------+----------+-------------------------------------------
     0 | D:1      | DildoBatman the Formicid Conjurer began the quest for the
                  | Orb.
     0 | D:1      | Reached XP level 1. HP: 13/13 MP: 3/3
   243 | D:1      | Reached XP level 2. HP: 20/20 MP: 0/5
   246 | D:1      | Learned a level 2 spell: Searing Ray
   324 | D:1      | Found a faded altar of an unknown god.
   468 | D:1      | Reached skill level 1 in Fighting
   542 | D:1      | Reached skill level 1 in Armour
   542 | D:1      | Reached XP level 3. HP: 21/26 MP: 2/6
   994 | D:2      | Noticed Robin
  1052 | D:2      | Identified the ring "Qotiw" {rC+ rCorr EV+4}
  1060 | D:1      | HP: 1/26 [poisoned by an adder]
  1061 | D:1      | Succumbed to an adder's poison

Illustrated notes

Levels and vault maps discovered:
D:1:      minmay_arrival_stair_chambers, layout_loops_cross,
          basic_ecumenical_altar, hangedman_decor_points, st_stairs_1
D:2:      layout_basic, uniq_robin

Skill      XL: |  1  2 |
---------------+-------+-----
Dodging        | 2 |  2.0
Fighting       | 1 |  1.1
Armour         | 1 |  1.1
Stealth        | |  2.4
Spellcasting   | |  2.6
Conjurations   | |  3.8

Action                   || total
-------------------------++-------
Melee: Unarmed           ||     7
       Dagger            ||     1
 Fire: Sling             ||    30
 Cast: Magic Dart        ||    20
       Searing Ray       ||     3
Armor: Robe              ||     4
Dodge: Dodged            ||    14
